 Dungeon Crawl Stone Soup version 0.19-a0-1905-ge8b2aad (webtiles) character file.

1309 Psiweapon the Cleaver (level 8, -2/68 HPs)
             Began as a Hill Orc Fighter on Oct 21, 2016.
             Hit by a javelin of returning thrown by a centaur (11 damage)
             ... in a bailey.
             The game lasted 00:22:41 (5548 turns).

Psiweapon the Cleaver (Hill Orc Fighter)            Turns: 5548, Time: 00:22:41

Health: -2/68      AC:  8    Str: 19    XL:     8   Next: 58%
Magic:  8/8        EV:  7    Int: 10    God:
Gold:   489        SH: 10    Dex: 10    Spells: 0 memorised, 7 levels left

rFire  + . .     SeeInvis .     a - +0 war axe
rCold  . . .     Gourm    .     C - +0 scale mail
rNeg   . . .     Faith    .     c - +1 shield
rPois  .         Spirit   .     J - +0 helmet
rElec  .         Reflect  .     (no cloak)
rCorr  .         Harm     .     (no gloves)
MR     +....                    (no boots)
Stlth  ..........               r - amulet of rage
                                q - ring of protection from fire
                                E - ring of protection from magic

@: no status effects
A: no striking features
a: Evoke Berserk Rage


You were in a bailey.
You were hungry.

You visited 1 branch of the dungeon, and saw 7 of its levels.
You also visited: Ossuary and Bailey.

You collected 517 gold pieces.
You spent 28 gold pieces at shops.

Inventory:

Hand Weapons
 a - a +0 war axe (weapon)
 b - a +1 hunting sling
 m - a +0 great sword
 w - a +1 dagger of venom
 M - a +1 whip of venom
 O - a +0 flail of venom
 P - the +10 rapier of Irotin {freeze, rElec Int+10}
   (You found it on level 6 of the Dungeon)

   It has been specially enchanted to freeze those struck by it, causing extra
   injury to most foes and up to half again as much damage against particularly
   susceptible opponents.
   It can also slow down cold-blooded creatures.
   It affects your intelligence (+10).
   It insulates you from electricity.
Missiles
 x - 36 bolts
 y - 33 sling bullets
 U - 2 tomahawks (quivered)
Armour
 c - a +1 shield (worn)
 k - a +0 leather armour of fire resistance
 C - a +0 scale mail (worn)
 F - a -2 leather armour
 J - a +0 helmet (worn)
Jewellery
 g - an uncursed ring of magical power
 q - a ring of protection from fire (right hand)
 r - an amulet of rage (around neck)
 z - a cursed ring of teleportation
 E - a ring of protection from magic (left hand)
 H - an uncursed ring of wizardry
 K - an uncursed ring of protection from fire
Scrolls
 e - a scroll of amnesia {unknown}
 h - 2 scrolls of fear {unknown}
 i - 5 scrolls of enchant weapon
 l - 2 scrolls of random uselessness {unknown}
 o - 2 scrolls of enchant armour
 u - 3 scrolls of recharging {unknown}
 v - 3 scrolls of noise {unknown}
 B - a scroll of identify
 G - a scroll of fog {unknown}
 L - 3 scrolls of remove curse
 V - a scroll of summoning {unknown}
Potions
 d - 2 potions of might
 j - 2 potions of brilliance {unknown}
 n - 3 potions of lignification {unknown}
 p - a potion of agility
 t - a potion of degeneration {unknown}
 A - 2 potions of resistance {unknown}
 D - 3 potions of curing
 I - a potion of mutation {unknown}
 R - a potion of ambrosia {unknown}
 S - 2 potions of heal wounds {unknown}
Books
 T - a book of Misfortune

   Spells                             Type                      Level
   a - Confusing Touch                Hexes                        1
   b - Confuse                        Hexes                        3
   c - Gell's Gravitas                Hexes/Translocation          3
   d - Petrify                        Transmutation/Earth          4
   e - Metabolic Englaciation         Hexes/Ice                    5
   f - Yara's Violent Unravelling     Hexes/Transmutation          5
Comestibles
 f - 6 bread rations
 s - 6 meat rations
 N - 7 chunks of flesh
 Q - a slice of pizza


   Skills:
 + Level 5.0 Fighting
 - Level 10.5 Axes
 + Level 2.7 Slings
 + Level 4.6 Armour
 + Level 4.9 Shields


You had 7 spell levels left.
You didn't know any spells.

Dungeon Overview and Level Annotations

Branches:
Dungeon (7/15)
 Temple: D:4-7

Altars:
Nemelex Xobeh
Vehumet

Shops:
D:5 *


Message History

The centaur throws a javelin of returning.
The javelin of returning hits you.
The weapon returns to the centaur!
Found 50 gold pieces.
The centaur throws a javelin of returning.
The javelin of returning hits you!
The weapon returns to the centaur!
The centaur throws a javelin of returning.
You block the javelin of returning.
The weapon returns to the centaur! 2 orcs come into view.
There is a gate leading back out of this place, spattered with blood here.
The orc shouts! x2
The centaur throws a javelin of returning.
The javelin of returning hits you but does no damage.
The centaur throws a javelin of returning.
The javelin of returning hits you!
The weapon returns to the centaur!
The centaur throws a javelin of returning.
The javelin of returning hits you!
* * * LOW HITPOINT WARNING * * *
The centaur throws a javelin of returning.
The javelin of returning hits you!
You die...

#≈≈⌠$.$.$⌠≈≈###
≈≈≈....c....≈≈≈≈
.....≈≈≈≈≈......
....≈≈...≈≈.....
.≈.≈≈.≈.≈.≈≈.≈..
≈≈.≈.≈≈.≈≈.≈.≈≈.
≈.≈≈.≈...≈.≈≈.≈.
≈.≈.≈≈...≈≈.≈.≈.
≈.≈.≈.⌠@⌠.≈.≈.≈.
≈.≈.≈..∩..≈.≈.≈.
≈.≈.≈.⌠∩⌠.≈.≈.≈.
≈.≈.≈≈...≈≈.≈.≈.
≈.≈≈.≈...≈.≈≈.≈.
≈≈.≈.≈≈≈≈≈.≈.≈≈.
o≈o≈≈..oc.≈≈.≈.#
.≈≈.≈≈≈.≈≈≈.≈≈.#
..≈≈..≈.≈..≈≈..


You could see 2 centaurs and 3 orcs.

Vanquished Creatures
  Grinder (D:5)
  Edmund (D:4)
  A centaur (D:7)
  An elf zombie (Ossuary)
  A water moccasin zombie (D:6)
  A scorpion (D:5)
  2 crimson imps
  A bullfrog zombie (D:6)
  A bullfrog skeleton (D:5)
  4 orc priests
  2 orc wizards (D:4)
  2 worker ants
  3 big kobold zombies (Ossuary)
  2 hound skeletons (D:4)
  2 mummies (Ossuary)
  Robin (D:3)
  A howler monkey skeleton (D:4)
  3 gnolls (D:6)
  9 adders
  2 oozes
  An adder skeleton (D:7)
  An adder zombie (D:5)
  A worm (D:2)
  4 dart slugs
  3 leopard geckos
  12 orcs
  2 ball pythons
  4 giant cockroaches
  15 goblins
  7 hobgoblins
  15 jackals
  5 quokkas
  A ball python skeleton (D:5)
  10 bats
  4 frilled lizards
  7 goblin zombies (Ossuary)
  A hobgoblin zombie (Ossuary)
  7 kobolds
  2 orc zombies (Ossuary)
  A quokka zombie (D:5)
  10 rats
154 creatures vanquished.

Notes
Turn   | Place    | Note
-------+----------+-------------------------------------------
     0 | D:1      | Psiweapon the Hill Orc Fighter began the quest for the Orb.
     0 | D:1      | Reached XP level 1. HP: 19/19 MP: 1/1
    19 | D:1      | Reached skill level 3 in Axes
    90 | D:2      | Reached XP level 2. HP: 22/27 MP: 2/2
   206 | D:3      | Reached skill level 4 in Axes
   293 | D:3      | Found a radiant altar of Vehumet.
   364 | D:5      | Entered Level 5 of the Dungeon
   394 | D:5      | Reached XP level 3. HP: 33/33 MP: 3/3
   453 | D:4      | HP: 1/33 [adder (1)]
   952 | D:2      | Reached skill level 5 in Axes
  1249 | D:1      | Reached XP level 4. HP: 40/40 MP: 4/4
  1639 | D:1      | Reached skill level 6 in Axes
  2133 | D:2      | Reached XP level 5. HP: 43/46 MP: 5/5
  2509 | D:3      | Noticed Robin
  2523 | D:3      | Killed Robin
  2557 | D:3      | Reached skill level 7 in Axes
  2848 | D:3      | Found a sparkling altar of Nemelex Xobeh.
  3101 | D:4      | Reached skill level 8 in Axes
  3101 | D:4      | Reached XP level 6. HP: 52/52 MP: 6/6
  3292 | D:5      | Reached skill level 9 in Axes
  3605 | D:5      | You fall through a shaft!
  3630 | D:6      | Reached XP level 7. HP: 55/58 MP: 7/7
  3657 | D:6      | Found a sand-covered staircase.
  3670 | Ossuary  | Entered an ossuary
  3710 | Ossuary  | Reached skill level 10 in Axes
  4285 | D:4      | Noticed Edmund
  4302 | D:4      | Killed Edmund
  4302 | D:4      | Reached skill level 1 in Slings
  4524 | D:6      | Got a translucent rapier
  4530 | D:6      | Identified the +10 rapier of Irotin {freeze, rElec Int+10} (You found it on level 6 of the Dungeon)
  4612 | D:6      | Reached XP level 8. HP: 66/66 MP: 8/8
  4862 | D:5      | Found Uvaarour's Assorted Antiques.
  4880 | D:5      | Bought a scroll labeled WIABATS TOXE for 28 gold pieces
  4963 | D:5      | Noticed Grinder
  4987 | D:5      | Killed Grinder
  5505 | D:7      | Reached skill level 5 in Fighting
  5539 | D:7      | Found a flagged portal.
  5544 | Bailey   | Entered a bailey
  5548 | Bailey   | Hit by a javelin of returning thrown by a centaur

Vault maps used:
D:1:      minmay_arrival_four_houses, feat_on_display
D:3:      nicolae_overflow_crystal_walls, vehumet_crystals, first_bread,
          uniq_robin
D:4:      uniq_edmund
D:5:      cheibrodos_helix_gallery, serial_shops, shop_fountains, hex_tiny,
          uniq_grinder
D:6:      chequers_ossuary_entry_cave
D:7:      enter_bailey_3
Ossuary:  minmay_ossuary_gauntlet
Bailey:   bailey_polearm_flooded_kennysheep, bailey

Skill      XL: |  1  2  3  4  5  6  7  8 |
---------------+-------------------------+-----
Axes           | 3 4 5 6 8 9 10 | 10.5
Fighting       | 4 5 |  5.0
Slings         | 1 2 |  2.7
Shields        | 4 |  4.9
Armour         | 4 |  4.6

Action                   |  1- 3 |  4- 6 |  7- 9 || total
-------------------------+-------+-------+-------++-------
Melee: War axe           |   130 |   209 |   200 ||   539
       Dagger            |       |    10 |       ||    10
       Flail             |       |       |     9 ||     9
 Fire: Hunting sling     |       |    49 |    23 ||    72
Throw: Tomahawk          |       |       |     8 ||     8
 Abil: Evoke Berserk Rag |       |       |     1 ||     1
  Use: Potion            |     2 |     2 |     1 ||     5
       Scroll            |     1 |     6 |     3 ||    10
  Eat: Chunk             |     1 |     8 |     5 ||    14
       Royal jelly       |       |       |     1 ||     1
Armor: Scale mail        |    63 |   108 |    58 ||   229
Dodge: Dodged            |    47 |    74 |    46 ||   167
Block: Shield            |    80 |    88 |   118 ||   286
